 Dungeon Crawl Stone Soup version 0.29.1-2-gbd0b4ee654 (webtiles) character file.

Game seed: 131952016707657381

6672 xian the Zephyrmancer (level 11, -16/57 HPs)
             Began as a Tengu Air Elementalist on Nov 1, 2022.
             Was a Follower of Vehumet.
             Shot with an arrow by a centaur warrior (25 damage)
             ... on level 9 of the Dungeon.
             The game lasted 00:34:28 (10727 turns).

xian the Zephyrmancer (Tengu Air Elementalist)     Turns: 10727, Time: 00:34:29

Health: -16/57     AC:  5    Str:  9    XL:     11   Next: 3%
Magic:  24/24      EV: 15    Int: 20    God:    Vehumet [*.....]
Gold:   455        SH:  0    Dex: 14    Spells: 12/27 levels left

rFire   x . .      SeeInvis .   h - +0 dagger (elec)
rCold   + . .      Faith    .   (no shield)
rNeg    + . .      Spirit   .   B - +1 leather armour {rN+}
rPois   .          Reflect  .   (helmet restricted)
rElec   .          Harm     .   (no cloak)
rCorr   +          Rampage  .   C - +0 pair of gloves
Will    .....                   (boots unavailable)
Stlth   ++........              g - amulet of magic regeneration
HPRegen 0.19/turn               c - ring of ice
MPRegen 0.59/turn               y - ring of resist corrosion

@: flying quickly and evasively, quick
A: beak, talons 3, nimble flight
a: Renounce Religion


You were on level 9 of the Dungeon.
You worshipped Vehumet.
Vehumet was aware of your devotion.
You visited 2 branches of the dungeon, and saw 10 of its levels.

You collected 530 gold pieces.
You spent 75 gold pieces at shops.

Inventory:

Hand Weapons
 e - a +0 hand axe
 h - a +0 dagger of electrocution (weapon)
 D - a +5 dagger of speed
Missiles
 z - 11 poisoned darts
Armour
 B - a +1 leather armour of positive energy (worn)
 C - a +0 pair of gloves (worn)
Magical Staves
 p - a staff of air
Jewellery
 c - a ring of ice (left hand)
 g - an amulet of magic regeneration (around neck)
 y - a ring of resist corrosion (right hand)
 E - a ring of protection from fire
 F - a +6 ring of dexterity
Wands
 o - a wand of mindburst (15)
 v - a wand of digging (5)
Scrolls
 a - 3 scrolls of immolation
 d - 3 scrolls of butterflies
 m - a scroll of amnesia
 n - a scroll of poison
 r - a scroll of enchant armour
 s - a scroll of fear
 x - a scroll of blinking
 H - a scroll of summoning
 I - a scroll of brand weapon
Potions
 b - 3 potions of magic
 j - a potion of attraction
 l - 4 potions of brilliance
 q - 2 potions of haste
 t - 2 potions of lignification
 u - a potion of invisibility
 w - a potion of curing
 A - a potion of berserk rage


   Skills:
 + Level 1.9 Fighting
 + Level 2.4 Short Blades
 + Level 1.1 Axes
 + Level 3.2 Armour
 + Level 4.1 Dodging
 + Level 4.3 Stealth
 + Level 8.7 Spellcasting
 + Level 10.7 Conjurations
 + Level 11.8 Air Magic


You had 12 spell levels left.
You knew the following spells:

 Your Spells              Type           Power      Damage    Failure   Level
a - Shock                 Conj/Air       100%       1d9       1%          1
b - Static Discharge      Conj/Air       52%        3-10/arc  1%          2
c - Swiftness             Air            54%        N/A       1%          3
d - Airstrike             Air            27%        2d(4-20)  1%          4
e - Iskenderun's Battles  Conj           51%        2d10      3%          5

Your spell library contained the following spells:

 Spells                   Type           Power      Damage    Failure   Level
 Sandblast                Erth           16%        2d6       11%         1
 Magic Dart               Conj           100%       1d8       1%          1
 Searing Ray              Conj           100%       2d8       1%          2
 Mephitic Cloud           Conj/Pois/Air  38%        N/A       1%          3
 Apportation              Tloc           16%        N/A       11%         1
 Necrotise                Necr           32%        1d5       11%         1
 Slow                     Hex            32%        N/A       11%         1
 Summon Small Mammal      Summ           32%        N/A       11%         1
 Fulminant Prism          Conj/Hex       15%        3d11      12%         4
 Blink                    Tloc           16%        N/A       16%         2
 Call Imp                 Summ           8%         N/A       16%         2
 Confusing Touch          Hex            8%         N/A       32%         3
 Lesser Beckoning         Tloc           8%         N/A       32%         3
 Vampiric Draining        Necr           8%         2d6       32%         3
 Iron Shot                Conj/Erth      15%        9d4       88%         6
 Manifold Assault         Tloc           8%         N/A       96%         5
 Summon Forest            Summ/Tloc      4%         N/A       96%         5
 Eringya's Noxious Bog    Tmut/Pois      4%         N/A       100%        6
 Spellforged Servitor     Conj/Summ      15%        N/A       100%        7
 Summon Hydra             Summ           4%         N/A       100%        7


Dungeon Overview and Level Annotations

Branches:
Dungeon (9/15)             Temple (1/1) D:7
   Lair: D:8-11         Orc: D:9-12

Altars:
Cheibriados
Fedhas
Gozag
Hepliaklqana
Kikubaaqudgha
Nemelex Xobeh
Okawaru
Qazlal
Ru
Sif Muna
Trog
Uskayaw
Vehumet
Xom
Yredelemnul
Zin

Shops:
D:2 *   D:4 *   D:5 =   D:6 (   D:9 (

Annotations:
D:4 Wind spells, 2 transporters


Innate Abilities, Weirdness & Mutations

You have a beak for a mouth.
You have claws for feet.
Your magical nature lets you fly swiftly and evasively.


Message History

The death knight is moderately wounded.
The death knight offers itself to Yredelemnul, and fills with unholy energy.
The death knight invokes the aid of Yredelemnul against you.
Your body is wracked with pain!
Casting: Shock (safe; 1% risk of failure)
Confirm with . or Enter, or press ? or * to list all spells.
The death knight is struck by an arc of lightning.
The death knight is moderately wounded.
You are struck by an arc of lightning.
The death knight is struck by an arc of lightning!
The death knight is moderately wounded.
You are struck by an arc of lightning.
The death knight is struck by an arc of lightning!
The death knight is heavily wounded.
You are struck by an arc of lightning.
The lightning grounds out.
The death knight reflects your damage back at you!
* * * LOW HITPOINT WARNING * * *
The death knight barely misses you.
It was a potion of flight.
You feel more buoyant.
The death knight hits you but does no damage.
As you read the scroll of teleportation, it crumbles to dust.
You feel strangely unstable.
The death knight mumbles some strange prayers to Yredelemnul against you.
You struggle to resist.
You feel better.
The death knight hits you with a +0 morningstar!
* * * LOW HITPOINT WARNING * * *
Unknown command.
There is an entrance to Vula's Antique Weapon Emporium here.
Your surroundings suddenly seem different.
An efreet, a five-headed hydra and a centaur warrior come into view.
The efreet is wielding a +0 scimitar of flaming.
Found seven items.
The centaur warrior shouts!
The centaur warrior wields a +0 longbow.
The centaur warrior shoots an arrow.
The arrow misses you.
The five-headed hydra roars!
The centaur warrior shoots an arrow.
The arrow hits you!!
You die...

####
######
...#
+...?#
...#
#"○..###
...
#.$RcD?#
°.
!.....###
.#
#.....(#
?#
#).....#
##
###@...#
#$...#
####+# #
### ..#
..# ..#
###


You could see a five-headed hydra, a centaur warrior and an efreet.

Vanquished Creatures
  2 two-headed ogres
  A centaur warrior (D:8)
  A wizard (D:9)
  An efreet (D:8)
  A hornet (D:8)
  A shadow (D:9)
  6 yaks (D:9)
  2 orc warriors
  A water moccasin (D:7)
  A sky beast (D:8)
  2 ice beasts
  A black bear (D:6)
  An ogre (D:5)
  3 centaurs
  2 phantoms
  A kobold brigand (D:8)
  5 bullfrogs
  3 scorpions
  A necrophage (D:6)
  3 wights (D:8)
  2 killer bees (D:8)
  A howler monkey (D:8)
  6 hounds
  2 jellies
  Terence (D:2)
  4 orc priests
  Jessica (D:2)
  7 orc wizards
  4 iguanas
  3 gnolls (D:7)
  14 adders
  3 worms
  3 dart slugs (D:1)
  29 orcs
  3 bats
  9 endoplasms
  A giant cockroach (D:1)
  11 goblins
  5 hobgoblins
  18 kobolds
  5 quokkas
  8 ball pythons
  6 frilled lizards
  7 rats
  A spectral orc (D:3)
193 creatures vanquished.

Notes
Turn   | Place    | Note
-------+----------+-------------------------------------------
     0 | D:1      | xian the Tengu Air Elementalist began the quest for the
                  | Orb.
     0 | D:1      | Reached XP level 1. HP: 10/10 MP: 4/4
   327 | D:1      | Reached XP level 2. HP: 15/15 MP: 4/6
   540 | D:1      | Reached XP level 3. HP: 19/19 MP: 4/7
   776 | D:2      | Learned a level 2 spell: Static Discharge
   780 | D:2      | Learned a level 3 spell: Swiftness
   841 | D:2      | Reached skill level 5 in Air Magic
   856 | D:2      | Found a faded altar of an unknown god.
   886 | D:2      | Noticed Terence
   896 | D:2      | Killed Terence
   897 | D:2      | Reached skill level 1 in Axes
   897 | D:2      | Reached XP level 4. HP: 3/24 MP: 3/9
  1264 | D:2      | Noticed Jessica
  1267 | D:2      | Killed Jessica
  1268 | D:2      | Gained mutation: Your magical nature lets you fly swiftly
                  | and evasively. [Tengu growth]
  1268 | D:2      | Reached XP level 5. HP: 28/28 MP: 7/10
  2001 | D:2      | Found Faihuf's Assorted Antiques.
  2009 | D:2      | Bought a scroll labelled JOR LOJO UPOBB for 25 gold pieces
  2009 | D:2      | Bought a scroll labelled XEADEI BAEKI for 25 gold pieces
  2009 | D:2      | Bought a scroll labelled CUOZI FOAS for 25 gold pieces
  2426 | D:3      | Reached XP level 6. HP: 28/32 MP: 6/12
  2959 | D:3      | Found a basalt altar of Yredelemnul.
  3026 | D:4      | Found Swko's Superlative Supplies.
  3039 | D:4      | Reached skill level 6 in Air Magic
  3334 | D:4      | Found an ancient bone altar of Kikubaaqudgha.
  3426 | D:4      | Reached XP level 7. HP: 13/36 MP: 1/14
  3657 | D:4      | Found a transporter.
  3863 | D:4      | Found a transporter.
  4048 | D:5      | Entered Level 5 of the Dungeon
  4048 | D:5      | Found Juomoxki's Jewellery Shoppe.
  4053 | D:5      | Reached skill level 5 in Conjurations
  4053 | D:5      | Reached skill level 7 in Air Magic
  4339 | D:5      | Reached skill level 5 in Spellcasting
  4415 | D:5      | Reached XP level 8. HP: 27/41 MP: 14/16
  4450 | D:5      | Reached skill level 8 in Air Magic
  4995 | D:5      | Found a glowing silver altar of Zin.
  5080 | D:5      | Found a bloodstained altar of Trog.
  5080 | D:5      | Found a sacrificial altar of Ru.
  5298 | D:6      | Found Lahuliuw's Weapon Shop.
  5518 | D:6      | Learned a level 4 spell: Airstrike
  5695 | D:6      | Identified the +8 dagger of the Warrior {vorpal, Fly rC-
                  | rN+++ Will-}
  5701 | D:6      | Found a stormy altar of Qazlal.
  5703 | D:6      | Identified 2 scrolls of acquirement
  5719 | D:6      | Acquired a book of Power
  5730 | D:6      | Learned a level 5 spell: Iskenderun's Battlesphere
  5734 | D:6      | Acquired a staff of air
  5900 | D:6      | Reached skill level 9 in Air Magic
  6150 | D:7      | Reached XP level 9. HP: 45/45 MP: 12/19
  6187 | D:7      | Found a staircase to the Ecumenical Temple.
  6192 | D:7      | Reached skill level 1 in Armour
  6208 | Temple   | Entered the Ecumenical Temple
  6475 | Temple   | Became a worshipper of Vehumet
  7482 | D:8      | Noticed a hornet
  7489 | D:8      | Killed a hornet
  7495 | D:8      | HP: 2/46 [poisoned by a hornet]
  7913 | D:8      | Noticed a two-headed ogre
  7926 | D:8      | Killed a two-headed ogre
  7927 | D:8      | Reached skill level 1 in Short Blades
  7927 | D:8      | Reached skill level 10 in Air Magic
  7927 | D:8      | Reached XP level 10. HP: 30/51 MP: 13/22
  8508 | D:8      | Noticed a centaur warrior
  8518 | D:8      | HP: 3/76 [centaur warrior (7)]
  8523 | D:8      | Killed a centaur warrior
  8524 | D:8      | Reached skill level 1 in Fighting
  9739 | D:8      | Reached skill level 11 in Air Magic
 10126 | D:9      | Found Vula's Antique Weapon Emporium.
 10130 | D:9      | Reached * piety under Vehumet
 10130 | D:9      | Offered knowledge of Sandblast by Vehumet.
 10247 | D:9      | Noticed a two-headed ogre
 10255 | D:9      | Killed a two-headed ogre
 10256 | D:9      | Reached skill level 10 in Conjurations
 10314 | D:9      | Found a hazy altar of Hepliaklqana.
 10339 | D:9      | Noticed a centaur warrior
 10595 | D:9      | Noticed a rakshasa
 10595 | D:9      | Noticed a wizard
 10610 | D:9      | Killed a wizard
 10610 | D:9      | HP: 2/53 [/static electricity (3)]
 10610 | D:9      | Noticed a cyclops
 10611 | D:9      | Reached XP level 11. HP: 3/57 MP: 18/24
 10713 | D:9      | Noticed a death knight
 10726 | D:9      | Noticed a five-headed hydra
 10726 | D:9      | Noticed a centaur warrior
 10727 | D:9      | Shot with an arrow by a centaur warrior

Illustrated notes

Levels and vault maps discovered:
D:1:      minmay_arrival_radiant_lines, layout_rooms
D:2:      minmay_chambers_of_twos, layout_basic, serial_shops,
          nicolae_shop_advertising_works [nicolae_subvault_shop_adworks],
          shapermc_ecumenical_altar_notcrosses, corexii_hall_statues_l,
          uniq_jessica, uniq_terence
D:3:      layout_basic, yredelemnul_forgotten_temple_becter
D:4:      gammafunk_wand_slinger, layout_basic, pf_just_have_faith,
          nicolae_alphabet_shops
D:5:      layout_basic, nicolae_overflow_hidden_temple,
          mainiacjoe_overflow_divided_tiny, serial_shops, nicolae_shop_stone
D:6:      layout_rooms, mainiacjoe_overflow_brackets, serial_curves,
          eino_curves_03, eino_curves_01, serial_shops, nicolae_stop_n_shop_2
D:7:      cheibrodos_iron_armory, layout_basic,
          minmay_temple_entry_drinking_statues
D:8:      kennysheep_blocky_room, layout_gridville
D:9:      layout_rooms, mainiacjoe_overflow_catwalk_spiral,
          lemuel_crystal_altar, gammafunk_ghost_hydra_chop, serial_shops, shop,
          nicolae_rejected_hall
Temple:   hc_temple_tempest_star

Skill      XL: |  1  2  3  4  5  6  7  8  9 10 |
---------------+-------------------------------+-----
Conjurations   | 2 3 4 5 6 8 10 | 10.7
Air Magic      | 5 6 7 9 10 11 | 11.8
Axes           | 1 |  1.1
Spellcasting   | 3 4 5 6 7 8 |  8.7
Stealth        | 3 4 |  4.3
Armour         | 2 3 |  3.2
Dodging        | 3 4 |  4.1
Short Blades   | 1 2 |  2.4
Fighting       | 1 |  1.9

Action                   |  1- 3 |  4- 6 |  7- 9 | 10-12 || total
-------------------------+-------+-------+-------+-------++-------
Melee: Hand axe          |     5 |       |       |       ||     5
       Kick              |     2 |       |     6 |     1 ||     9
       Dagger            |     5 |       |    18 |     8 ||    31
       Peck              |       |       |     5 |     1 ||     6
       Staff             |       |       |     3 |       ||     3
 Cast: Shock             |    72 |   143 |   178 |    61 ||   454
       Static Discharge  |     2 |    13 |    28 |    28 ||    71
       Airstrike         |       |       |     2 |       ||     2
  Use: Scroll            |       |     2 |    10 |    10 ||    22
       Potion            |       |       |     2 |     7 ||     9
 Stab: Distracted        |       |       |       |     1 ||     1
Armor: Robe              |     3 |     5 |       |       ||     8
       Leather armour    |       |       |    16 |     8 ||    24
       Skin              |       |       |       |    13 ||    13
Dodge: Dodged            |    17 |    21 |    45 |    41 ||   124
